Map: Dusk Towers

Players

LilDicky - Winner!

  • Race: Terran Terran
  • League: Diamond

Oxymoron

  • Race: Terran Terran
  • League: Diamond

VOD

http://www.twitch.tv/tumescentpie

Description

Time

  • Played on: Nov. 24, 2015, 5:44 p.m.
  • Length: 10:56
Show
View Real Time Build Order
Export as new Build Order

LilDicky Terran - Winner!

Build Orders: MMM Bio 

Get SALT Encoding   

  12  0:01  SCV  
  13  0:13  SCV  
  14  0:18  Supply Depot  
  14  0:25  SCV  
  15  0:29  Refinery  
  15  0:39  SCV  
  16  0:44  Barracks  
  16  0:51  SCV  
  17  1:03  SCV  
  18  1:11  Barracks  
  18  1:16  SCV  
  19  1:24  Refinery  
  19  1:28  SCV  
  20  1:32  Reaper  
  20  1:34  Supply Depot  
  21  1:44  Orbital Command  
  21  1:58  Barracks  
  21  2:00  Reaper  
  22  2:08  Reaper  
  22  2:11  SCV  
  23  2:23  SCV  
  24  2:30  Supply Depot  
  24  2:32  Reaper  
  24  2:35  SCV  
  26  2:40  Reaper  
  27  2:46  Reaper  
  27  2:47  SCV  
  27  2:50  Barracks  
  29  2:59  SCV  
  30  3:11  Reaper  
  30  3:13  Reaper  
  30  3:16  SCV  
  30  3:18  Reaper  
  33  3:22  Supply Depot  
  32  3:28  SCV  
  33  3:46  SCV  
  37  3:54  Command Center  
  38  3:58  SCV  
  37  4:13  Barracks Reactor, Barracks Tech Lab x2  
  33  4:19  Barracks Reactor  
  33  4:21  SCV  
  34  4:28  Factory  
  34  4:30  Engineering Bay  
  33  4:39  Marine x2  
  33  4:41  Combat Shields, Stimpack  
  33  4:43  SCV  
  34  4:55  SCV  
  35  5:02  Marine x4  
  39  5:07  SCV  
  39  5:13  Marine x2  
  41  5:26  Marine x4  
  41  5:27  Factory Tech Lab  
  45  5:29  SCV, Starport  
  45  5:31  Marine  
  45  5:35  Missile Turret  
  48  5:37  Orbital Command  
  48  5:39  Marine  
  48  5:41  SCV  
  49  5:43  Marine  
  49  5:44  Marine x2  
  49  5:45  Siege Tank  
  55  5:53  SCV, Missile Turret  
  56  6:05  SCV, Marine x2  
  56  6:10  Marine  
  60  6:15  Marine x2  
  62  6:22  SCV  
  62  6:32  Factory Tech Lab  
  62  6:36  Supply Depot x2  
  62  6:37  Terran Infantry Weapons Level 1  
  62  6:38  Banshee, Marine x5  
  62  6:39  Cloaking Field, Marine  
  71  6:41  SCV  
  72  6:47  Supply Depot  
  72  6:50  SCV  
  72  6:51  Missile Turret  
  73  6:56  Marine x3  
  73  6:58  Siege Tank  
  79  7:11  Supply Depot  
  79  7:13  Marine x2  
  79  7:14  Marauder x2  
  85  7:19  SCV  
  85  7:21  Banshee  
  89  7:23  SCV  
  89  7:24  Marine  
  89  7:25  Marine  
  92  7:31  Concussive Shells  
  92  7:32  Marine  
  92  7:33  Marine  
  92  7:35  Marauder  
  96  7:37  Supply Depot, Marine  
  96  7:40  SCV  
  96  7:42  Marine  
  99  7:59  Marine x2  
  99  8:03  Command Center  
  99  8:05  Siege Tank  
  104  8:09  Medivac  
  106  8:18  Marine  
  106  8:19  Marauder x2  
  108  8:20  Marine  
  108  8:22  Marine x2  
  111  8:36  Marine  
  111  8:37  Marine  
  111  8:40  Marauder, Marine x2  
  117  8:49  Marauder  
  117  8:54  Marine  
  118  9:14  Marine x4  
  118  9:15  Marauder x2, Medivac  
  117  9:44  Command Center, Missile Turret  
  117  9:45  Missile Turret x2  
  114  9:58  Supply Depot  
  114  10:05  Supply Depot  
  114  10:15  Marine  
  114  10:16  Marine x3  
  114  10:17  Marauder  
  114  10:18  Marauder  
  95  10:33  Marine x2  
  82  10:36  Marine x2  
Show
View Real Time Build Order
Export as new Build Order

Oxymoron Terran 

Build Orders: MMM Bio 

Get SALT Encoding   

  12  0:01  SCV  
  13  0:13  SCV  
  14  0:17  Supply Depot  
  14  0:25  SCV  
  15  0:39  SCV  
  15  0:40  Barracks  
  16  0:48  Refinery  
  16  0:51  SCV  
  17  1:03  SCV  
  18  1:15  SCV  
  19  1:22  Supply Depot  
  19  1:33  Orbital Command  
  19  1:39  Barracks Reactor  
  19  1:52  Command Center  
  19  2:01  SCV  
  19  2:13  SCV  
  20  2:16  Marine x2  
  20  2:22  Barracks  
  22  2:27  Barracks  
  22  2:31  SCV  
  22  2:33  Marine  
  22  2:34  Marine  
  25  2:44  SCV  
  25  2:47  Supply Depot  
  26  2:51  Marine x2  
  26  3:12  Marine x2  
  26  3:14  Barracks Tech Lab x2  
  26  3:32  Orbital Command  
  26  3:33  SCV  
  26  3:34  Marine x2  
  27  3:35  Marine x2  
  30  3:45  SCV  
  30  3:46  Refinery  
  29  3:48  Supply Depot  
  29  3:51  Stimpack  
  29  3:52  Marine x2  
  31  3:58  SCV  
  31  3:59  SCV  
  32  4:10  Marine x2  
  32  4:11  SCV x2, Marine  
  37  4:22  Supply Depot  
  37  4:28  SCV x2, Factory  
  39  4:42  Marine x2  
  39  4:43  Marine x2  
  39  4:44  Combat Shields  
  39  4:45  SCV x2  
  45  4:47  Supply Depot  
  45  4:57  SCV x2  
  46  5:09  SCV x2  
  48  5:21  SCV  
  48  5:26  Marine x3  
  52  5:29  SCV  
  52  5:31  Command Center  
  52  5:33  SCV  
  54  5:41  SCV  
  54  5:42  Marine  
  56  5:43  Marine  
  56  5:44  Marine  
  56  5:45  SCV, Supply Depot  
  59  5:51  Refinery  
  59  5:53  SCV  
  60  5:57  SCV  
  60  6:02  Starport  
  60  6:03  Factory Reactor  
  61  6:04  Marine x2  
  61  6:05  SCV  
  61  6:07  Marine  
  61  6:08  Marine  
  61  6:10  SCV  
  66  6:17  SCV  
  67  6:22  SCV  
  68  6:27  Marine x3  
  68  6:29  SCV  
  68  6:31  Engineering Bay  
  72  6:33  Barracks  
  72  6:34  SCV  
  72  6:35  Supply Depot  
  73  6:42  SCV  
  73  6:43  Refinery  
  74  6:52  Engineering Bay, Medivac x2  
  78  6:57  Terran Infantry Weapons Level 1  
  78  7:01  Engineering Bay  
  78  7:04  SCV x2  
  80  7:11  Orbital Command  
  80  7:15  Marine  
  81  7:16  SCV  
  81  7:17  SCV  
  81  7:19  Terran Infantry Armor Level 1  
  81  7:21  Supply Depot  
  83  7:24  Supply Depot  
  83  7:32  Marauder, Marine x2  
  83  7:33  Marine  
  83  7:36  Barracks Reactor  
  88  7:40  Barracks  
  88  7:42  SCV, Armory  
  88  7:43  SCV  
  90  7:45  Medivac  
  90  7:49  Medivac  
  90  7:50  Marauder  
  96  7:51  Marine  
  96  7:54  Marauder  
  96  7:57  Supply Depot  
  96  7:58  Marine  
  99  7:59  Supply Depot  
  99  8:03  SCV x2  
  102  8:09  Marine  
  99  8:21  Marine x2  
  99  8:22  Marauder  
  97  8:37  Missile Turret  
  97  8:40  Refinery  
  96  8:41  Missile Turret, Marine x3  
  96  8:42  Marine x2  
  96  8:43  Viking x2, Marine  
  98  8:59  Marine  
  98  9:03  Marine x4  
  98  9:05  Missile Turret  
  101  9:16  SCV x3  
  88  9:41  SCV x3  
  88  9:43  Marauder x2, Marine x4  
  88  9:44  Medivac x2  
  101  9:47  Barracks Tech Lab  
  101  9:53  SCV, Supply Depot  
  102  10:00  Marine  
  102  10:05  Marauder x2  
  66  10:23  Marine x3  
  66  10:24  Marauder  
  66  10:26  Marauder x2  
  66  10:27  Marine  
Tags
 
Add a new tag
Caveats
  • Supply blocks, unpowered buildings, or Contaminate may cause inaccurate times.
  • Supply counts are checked every 10 seconds.